AoeStats
← luzbelito

Arena

510031128Analyzed
1v1 RM · 5d ago on Sep 29, 2026· 17m 38s· 2 players
Game mode
Random Map
Map size
Tiny (2 player)
Population
200
Speed
Normal
Resources
Standard
Victory
Conquest
Starting age
Dark Age
Ending age
Imperial Age
RankedLock teamsTeams togetherTeam positionsShared explorationLock speedFull tech treeHidden civsTurbo modeCheats
Victory
Defeat
🇹🇼 Spanish · Taiwan
974
+17
🇦🇷 Franks · Argentina
1000
-51
洪武大帝-朱元璋
0:39 Loom
10:16 Feudal Age
14:37 Castle Age
luzbelito
3:03 Loom
12:00 Feudal Age
14:33 Wheelbarrow
13:59 Town Watch
15:07 Forging
14:58 Scale Mail Armor
Connection lost

Rejoining the realm…

Still unreachable

The connection could not be restored.

Session expired

The server has moved on; the page needs a fresh start.